 Dungeon Crawl Stone Soup version 0.24.1-8-ga250c9d538 (webtiles) character file.

Game seed: 13989033620052133288, levelgen mode: deterministic

6 Hugehornet the Insei (level 1, -3/13 HPs)
             Began as an Octopode Transmuter on May 4, 2020.
             Slain by a goblin (4 damage)
             ... on level 1 of the Dungeon.
             The game lasted 00:00:28 (332 turns).

Hugehornet the Insei (Octopode Transmuter)           Turns: 332, Time: 00:00:28

Health: -3/13      AC:  1    Str:  9    XL:     1   Next: 90%
Magic:  2/3        EV: 13    Int: 15    God:
Gold:   19         SH:  0    Dex: 12    Spells: 3/4 levels left

rFire    . . .     SeeInvis .     - Unarmed
rCold    . . .     Gourm    .   (no shield)
rNeg     . . .     Faith    .   (helmet restricted)
rPois    .         Spirit   .   (no amulet)
rElec    .         Reflect  .   (no ring)
rCorr    .         Harm     .   (no ring)
MR       .....                  (no ring)
Stlth    ++........             (no ring)
HPRegen  0.04/turn              (no ring)
MPRegen  0.08/turn              (no ring)
                                (no ring)
                                (no ring)

@: appendage (expiring)
A: almost no armour, stealthy swim, amphibious, 8 rings, constrict 8, tentacle
spike 3, camouflage 1, gelatinous body 1
a: End Transformation


You were on level 1 of the Dungeon.
You were not hungry.
One of your tentacles had a temporary spike.
You visited 1 branch of the dungeon, and saw 1 of its levels.

You collected 19 gold pieces.

Inventory:

Missiles
 a - 12 arrows
Scrolls
 b - a scroll of teleportation {unknown}
 d - a scroll of fear {unknown}
Potions
 e - a potion of ambrosia {unknown}
Comestibles
 c - a ration


   Skills:
 - Level 1.0 Fighting
 - Level 2.0 Dodging
 - Level 3.0 Unarmed Combat
 - Level 2.0 Spellcasting
 + Level 2.6 Transmutations


You had 3 spell levels left.
You knew the following spells:

 Your Spells              Type           Power        Failure   Level  Hunger
a - Beastly Appendage     Tmut           #.....       8%          1    #......

Your spell library contained the following spells:

 Spells                   Type           Power        Failure   Level  Hunger
 Sticks to Snakes         Tmut           #.......     12%         2    ###....
 Spider Form              Tmut/Pois      #.........   36%         3    ###....
 Ice Form                 Ice/Tmut       #.......     78%         4    #####..
 Blade Hands              Tmut           #.........   91%         5    ######.


Dungeon Overview and Level Annotations

Branches:
Dungeon (1/15)

Altars:


Innate Abilities, Weirdness & Mutations

You cannot wear most types of armour.
You are very stealthy in the water. (Stealth+)
You are amphibious.
You can wear up to eight rings at the same time.
You can use your tentacles to constrict eight enemies at once.
Your skin changes colour to match your surroundings (Stealth+).
Your rubbery body absorbs attacks. (AC +1, EV +1)
One of your tentacles bears a large vicious spike.


Message History

You are too injured to fight recklessly!
You are too injured to fight recklessly!
You closely miss the frilled lizard. Your grab misses the frilled lizard.
You pierce the frilled lizard, but do no damage.
Your transformation is almost over.
The bat barely misses you. The bat closely misses you.
The frilled lizard barely misses you.
You closely miss the bat. Your grab misses the bat.
Your squeeze misses the bat. The bat completely misses you.
The goblin closely misses you. The frilled lizard bites you.
* * * LOW HITPOINT WARNING * * *
You barely miss the frilled lizard. You grab the frilled lizard.
You pierce the frilled lizard.
You kill the frilled lizard!
The bat closely misses you. The goblin hits you.
* * * LOW HITPOINT WARNING * * *
You miss the bat. Your grab misses the bat.
You tentacle-slap the bat, but do no damage.
The bat misses you. The goblin hits you.
You die...

#......#...............
#+#
#......####.....#####.
#.....# #......# #.....
##......#
#..........#.....# ....
..$........# .
............# ...
............##.....
..........(@b......
............g......
....!.............
............r....
................
.....#...#.....
.....#...#.....
.....#.........


You could see a goblin, a bat and a rat.

Vanquished Creatures
  A leopard gecko (D:1)
  3 kobolds (D:1)
  A frilled lizard (D:1)
  A goblin (D:1)
6 creatures vanquished.

Notes
Turn   | Place    | Note
-------+----------+-------------------------------------------
     0 | D:1      | Hugehornet the Octopode Transmuter began the quest for the
                  | Orb.
     0 | D:1      | Reached XP level 1. HP: 13/13 MP: 3/3
   332 | D:1      | Slain by a goblin

Levels and vault maps discovered:
D:1:      minmay_arrival_doors, layout_basic, wad_floor_pattern_1

Action                   || total
-------------------------++-------
Melee: Unarmed           ||    16
       Kick              ||     7
       Constrict         ||     6
       Punch             ||     1
       Tentacles         ||     1
 Cast: Beastly Appendage ||     6
Armor: Skin              ||     1
Dodge: Dodged            ||    14
